 Dungeon Crawl Stone Soup version 0.26.1-2-gb8aa6d0cf2 (webtiles) character file.

Game seed: 16882020452440905111

10892 Chiseanne the Zephyrmancer (level 11, -1/102 HPs)
             Began as a Troll Hedge Wizard on Feb 8, 2021.
             Was a Priest of Vehumet.
             Slain by a cane toad (16 damage)
             ... on level 1 of the Lair of Beasts.
             The game lasted 00:57:07 (7285 turns).

Chiseanne the Zephyrmancer (Troll Hedge Wizard)     Turns: 7285, Time: 00:57:07

Health: -1/102     AC:  9    Str: 20    XL:     11   Next: 42%
Magic:  2/18       EV: 11    Int: 13    God:    Vehumet [***...]
Gold:   279        SH:  0    Dex:  9    Spells: 7/21 levels left

rFire    + . .     SeeInvis .   a - +4 scimitar (flame)
rCold    . . .     Faith    .   (no shield)
rNeg     . . .     Spirit   .   n - +0 robe {rF+}
rPois    .         Reflect  .   c - +1 hat
rElec    .         Harm     .   e - +1 cloak
rCorr    .         Rampage  .   (gloves unavailable)
Will     .....                  (boots unavailable)
Stlth    +.........             C - amulet of the acrobat
HPRegen  0.67/turn              (no ring)
MPRegen  0.16/turn              (no ring)

@: lethally poisoned (-1 -> -32), marked, very slightly contaminated, studying
Air Magic
A: large, unfitting armour, claws 3, regeneration 1, shaggy fur 1, tough skin 3
a: Renounce Religion


You were on level 1 of the Lair of Beasts.
You worshipped Vehumet.
Vehumet was most pleased with you.
You visited 2 branches of the dungeon, and saw 11 of its levels.

You collected 441 gold pieces.
You spent 162 gold pieces at shops.

Inventory:

Hand Weapons
 a - a +4 scimitar of flaming (weapon)
 d - a +4 scimitar of freezing
 s - a +2 dagger of venom
Missiles
 t - 27 poisoned darts (quivered)
 w - 5 curare-tipped darts
 A - 3 silver boomerangs
 D - 23 sling bullets
 E - 8 boomerangs
 H - a throwing net
Armour
 c - a +1 hat (worn)
 e - a +1 cloak (worn)
 f - a +1 robe of cold resistance
 n - a +0 robe of fire resistance (worn)
Magical Staves
 p - an uncursed staff of cold
Jewellery
 z - an uncursed amulet of regeneration
 C - an amulet of the acrobat (around neck)
Wands
 g - a wand of flame (33)
 k - a wand of digging (3)
 l - a wand of iceblast (22)
 v - a wand of disintegration (12)
 F - a wand of acid (16)
 G - a wand of paralysis (10)
Scrolls
 m - a scroll of immolation
 q - 4 scrolls of remove curse
 u - a scroll of teleportation
 y - a scroll of magic mapping
 B - a scroll of blinking
Potions
 b - 2 potions of cancellation
 h - 3 potions of lignification
 i - a potion of magic
 j - 4 potions of brilliance
 o - a potion of mutation
 r - a potion of resistance {unknown}
Books
 x - a manual of Air Magic


   Skills:
 - Level 5.0 Fighting
 - Level 4.3 Dodging
 - Level 1.0 Stealth
 - Level 1.4 Unarmed Combat
 - Level 5.8 Spellcasting
 - Level 5.1 Conjurations
 - Level 0.6 Summonings
 - Level 0.6 Translocations
 - Level 3.3 Fire Magic
 + Level 10.4 Air Magic


You had 7 spell levels left.
You knew the following spells:

 Your Spells              Type           Power        Failure   Level
a - Magic Dart            Conj           68%          1%          1
b - Blink                 Tloc           N/A          21%         2
c - Foxfire               Conj/Fire      56%          1%          1
d - Mephitic Cloud        Conj/Pois/Air  17%          1%          3
e - Ignite Poison         Fire/Tmut/Pois 6%           9%          3
f - Olgreb's Toxic Radia  Pois           3%           38%         4

Your spell library contained the following spells:

 Spells                   Type           Power        Failure   Level
 Static Discharge         Conj/Air       24%          1%          3
 Conjure Flame            Conj/Fire      14%          2%          3
 Poisonous Vapours        Pois/Air       34%          3%          2
 Sting                    Tmut/Pois      12%          17%         1
 Call Imp                 Summ           5%           21%         2
 Slow                     Hex            3%           26%         2


Dungeon Overview and Level Annotations

Branches:
Dungeon (10/15)            Temple (0/1) D:7            Lair (1/6) D:10
    Orc: D:9-12

Altars:
Dithmenos
Kikubaaqudgha
Makhleb
Qazlal
Vehumet
Zin

Shops:
D:8 *


Innate Abilities, Weirdness & Mutations

You are too large for most types of armour.
You have claws for hands.
Your natural rate of healing is unusually fast.
You are covered in fur. (AC +1)
You have extremely tough skin. (AC +3)


Message History

The cane toad is moderately wounded.
You feel very sick. The cane toad closely misses you.
You barely miss the cane toad.
The cane toad is lightly wounded.
You feel very sick. The cane toad completely misses you.
You riposte.
You barely miss the cane toad.
The cane toad is lightly wounded.
The cane toad stings you.
You are lethally poisoned!
The cane toad poisons you!
You hit the cane toad. You burn the cane toad.
The cane toad is moderately wounded.
* * * LOW HITPOINT WARNING * * *
You feel very sick. The cane toad stings you!
* * * LOW HITPOINT WARNING * * *
The cane toad stings you!
You die...

...........##.....## ..#
........###...###
##..##........# .
#...#.......### ..
##...#........#
...###..........# .#
.............P...## ...
..##.......F####..####....
#[.......@####......P..
###......).....(..#
.##...#........(..##
......##............##
.....###....(((......#
...............(........#
..............##...##...#
..#.####......###..# .....
## #......# (.## #....


You could see a cane toad.

Vanquished Creatures
  Fannar (Lair:1)
  Harold (Lair:1)
  Erica (D:9)
  Sonja (Lair:1)
  A deep elf knight (D:9)
  Pikel (D:6)
  2 orc sorcerers (D:9)
  Maggie (D:10)
  A cane toad (Lair:1)
  A komodo dragon (Lair:1)
  2 kobold demonologists (D:9)
  A wyvern (Lair:1)
  Grum (D:9)
  6 yaks (D:10)
  A soldier ant (D:9)
  4 water moccasins
  2 ice beasts
  2 orc warriors
  A sky beast (D:5)
  3 ogres
  A necrophage (D:9)
  2 wolves
  7 centaurs
  3 lemures (D:6)
  A big kobold (D:8)
  6 bullfrogs
  A water moccasin zombie (D:10)
  7 killer bees
  An electric eel (D:6)
  8 wights
  2 jellies
  A bullfrog zombie (D:7)
  A hound (D:10)
  8 orc priests
  A bullfrog skeleton (D:5)
  3 iguanas
  6 orc wizards
  4 worker ants
  4 hound skeletons
  3 worker ant zombies
  4 adders
  A howler monkey skeleton (D:10)
  2 shadow imps
  2 white imps (D:6)
  2 adder zombies (D:7)
  An adder skeleton (D:6)
  A dart slug (D:5)
  4 leopard geckos
  26 orcs
  2 bats
  A goblin (D:3)
  2 hobgoblins
  7 jackals
  2 quokkas
  A ball python (D:5)
  A frilled lizard (D:2)
  A jackal skeleton (D:5)
  10 kobolds
  A rat (D:1)
175 creatures vanquished.

Vanquished Creatures (collateral kills)
  2 killer bees
2 creatures vanquished.

Vanquished Creatures (others)
  35 foxfires
  A fungus (Lair:1)
  3 plants (Lair:1)
39 creatures vanquished.

Grand Total: 216 creatures vanquished

Notes
Turn   | Place    | Note
-------+----------+-------------------------------------------
     0 | D:1      | Chiseanne the Troll Hedge Wizard began the quest for the
                  | Orb.
     0 | D:1      | Reached XP level 1. HP: 16/16 MP: 2/2
   109 | D:1      | Reached XP level 2. HP: 22/24 MP: 4/4
   128 | D:2      | Found a faded altar of an unknown god.
   362 | D:3      | Reached skill level 1 in Conjurations
   362 | D:3      | Reached XP level 3. HP: 19/32 MP: 1/5
   565 | D:4      | Reached skill level 1 in Unarmed Combat
   565 | D:4      | Reached XP level 4. HP: 17/40 MP: 1/7
   645 | D:4      | Learned a level 2 spell: Blink
   649 | D:4      | Learned a level 3 spell: Mephitic Cloud
   651 | D:5      | Entered Level 5 of the Dungeon
   818 | D:4      | Reached XP level 5. HP: 22/46 MP: 6/8
   932 | D:5      | Reached skill level 1 in Fighting
   932 | D:5      | Found a radiant altar of Vehumet.
   940 | D:5      | Became a worshipper of Vehumet
   971 | D:5      | Noticed an ice beast
   984 | D:5      | Killed an ice beast
   985 | D:5      | Reached XP level 6. HP: 41/55 MP: 9/9
  1127 | D:5      | Found a burning altar of Makhleb.
  1177 | D:6      | Noticed a sky beast
  1190 | D:5      | Killed a sky beast
  1337 | D:6      | Found a stormy altar of Qazlal.
  1710 | D:6      | Reached skill level 1 in Air Magic
  1911 | D:6      | Reached XP level 7. HP: 36/62 MP: 11/11
  1949 | D:7      | Noticed Pikel
  2262 | D:6      | Reached * piety under Vehumet
  2262 | D:6      | Offered knowledge of Foxfire by Vehumet.
  2270 | D:6      | Learned a level 1 spell: Foxfire
  2407 | D:6      | Killed Pikel
  2408 | D:6      | Reached skill level 1 in Fire Magic
  2408 | D:6      | Reached skill level 2 in Air Magic
  2408 | D:6      | Reached XP level 8. HP: 68/75 MP: 4/12
  2874 | D:7      | Found a staircase to the Ecumenical Temple.
  3082 | D:7      | Found a shadowy altar of Dithmenos.
  3087 | D:7      | Found an ancient bone altar of Kikubaaqudgha.
  3087 | D:7      | Found a burning altar of Makhleb.
  3239 | D:6      | Reached XP level 9. HP: 29/78 MP: 14/14
  3356 | D:6      | HP: 2/67 [wight/+4 scimitar of freezing (5)]
  3370 | D:6      | HP: 2/67 [wight/+4 scimitar of freezing (5)]
  3649 | D:8      | Found Did Jagh's General Store.
  3654 | D:8      | Bought a scroll of blinking for 97 gold pieces
  3654 | D:8      | Bought a potion of heal wounds for 65 gold pieces
  3836 | D:8      | Reached ** piety under Vehumet
  3936 | D:8      | Offered knowledge of Sandblast by Vehumet.
  4328 | D:9      | Noticed Erica
  4361 | D:9      | HP: 3/87 [acid (13)]
  4364 | D:10     | Entered Level 10 of the Dungeon
  4474 | D:10     | Reached skill level 5 in Fighting
  4610 | D:10     | Reached skill level 3 in Air Magic
  4744 | D:9      | Reached skill level 5 in Spellcasting
  4785 | D:9      | Offered knowledge of Frozen Ramparts by Vehumet.
  4903 | D:9      | Found a transporter.
  4905 | D:9      | Noticed a deep elf knight
  4905 | D:9      | Noticed a kobold demonologist
  4911 | D:9      | Noticed an orc sorcerer
  4918 | D:9      | Found a transporter.
  4937 | D:9      | Noticed an orc sorcerer
  4939 | D:9      | Noticed a kobold demonologist
  4972 | D:9      | Killed a kobold demonologist
  4993 | D:9      | Noticed a hellwing
  4994 | D:9      | Killed a kobold demonologist
  4997 | D:9      | Killed a deep elf knight
  4997 | D:9      | Killed an orc sorcerer
  4998 | D:9      | Reached XP level 10. HP: 64/96 MP: 14/17
  4998 | D:9      | Noticed an orange demon
  4999 | D:9      | Killed an orc sorcerer
  5000 | D:9      | Reached skill level 5 in Conjurations
  5110 | D:9      | Noticed Grum
  5349 | D:8      | Reached skill level 4 in Air Magic
  5435 | D:9      | Killed Grum
  5435 | D:9      | Reached *** piety under Vehumet
  5552 | D:9      | Killed Erica
  5553 | D:9      | Reached skill level 6 in Air Magic
  6013 | D:10     | Found a staircase to the Lair.
  6108 | D:10     | Found a glowing silver altar of Zin.
  6194 | D:10     | Reached skill level 7 in Air Magic
  6238 | D:10     | Learned a level 3 spell: Ignite Poison
  6243 | D:10     | Learned a level 4 spell: Olgreb's Toxic Radiance
  6256 | D:10     | Offered knowledge of Static Discharge by Vehumet.
  6271 | D:10     | Reached skill level 8 in Air Magic
  6396 | D:10     | Noticed Maggie
  6417 | D:10     | Killed Maggie
  6418 | D:10     | Reached XP level 11. HP: 102/102 MP: 2/18
  6680 | Lair:1   | Entered Level 1 of the Lair of Beasts
  6759 | Lair:1   | Noticed Fannar
  6769 | Lair:1   | Killed Fannar
  6770 | Lair:1   | Reached skill level 9 in Air Magic
  7062 | Lair:1   | Noticed Sonja
  7068 | Lair:1   | Killed Sonja
  7237 | Lair:1   | Noticed Harold
  7257 | Lair:1   | Killed Harold
  7258 | Lair:1   | Reached skill level 10 in Air Magic
  7285 | Lair:1   | Slain by a cane toad

Illustrated notes

Levels and vault maps discovered:
D:1:      dpeg_arrival_simpleton_c, layout_basic, roderic_roman_lattice
D:2:      layout_loops_ring, chequers_ecumenical_altar_simple,
          minmay_lizard_king, uniq_terence
D:3:      layout_basic, tgw_xom
D:4:      layout_loops_cross
D:5:      layout_layer_cave, marbit_many_paths, basic_altar,
          vehumet_altar_wand_db, uniq_menkaure
D:6:      layout_basic, grunt_qazlal_clouds, minmay_tree_intersection,
          water_maze_lemuel
D:7:      layout_cave_pools, grunt_temple_overflow_open,
          minmay_temple_entry_drinking_statues, kennysheep_another_room,
          uniq_pikel
D:8:      layout_gridville, serial_shops, shop
D:9:      gammafunk_wand_slinger, layout_basic, uniq_grum, uniq_erica
D:10:     layout_stronghold, lair_entry_dummy, basic_altar, uniq_maggie
Lair:1:   layout_layer_cave, nicolae_volcano_entry_batcave, uniq_sonja,
          uniq_harold, uniq_fannar

Skill      XL: |  1  2  3  4  5  6  7  8  9 10 11 |
---------------+----------------------------------+-----
Dodging        | 2 3 4 |  4.3
Conjurations   | 1 2 3 4 5 |  5.1
Unarmed Combat | 1 |  1.4
Fighting       | 1 3 4 5 |  5.0
Spellcasting   | 3 4 5 |  5.8
Air Magic      | 1 2 3 8 10 | 10.4
Fire Magic     | 1 2 3 |  3.3
Stealth        | |  1.0
Summonings     | |  0.6
Translocations | |  0.6

Action                   |  1- 3 |  4- 6 |  7- 9 | 10-12 || total
-------------------------+-------+-------+-------+-------++-------
Melee: Unarmed           |   120 |   104 |   423 |    44 ||   691
       Punch             |       |     1 |     5 |     1 ||     7
       Scimitar          |       |       |       |    80 ||    80
Throw: Dart              |       |       |    19 |    58 ||    77
 Cast: Magic Dart        |     9 |    30 |    79 |    18 ||   136
       Foxfire           |       |       |    27 |    10 ||    37
       Mephitic Cloud    |       |       |    24 |    38 ||    62
       Blink             |       |       |     5 |     5 ||    10
       Ignite Poison     |       |       |       |     8 ||     8
Evoke: Wand              |       |     2 |     5 |       ||     7
  Use: Scroll            |     4 |     6 |    10 |     6 ||    26
       Potion            |       |       |     3 |       ||     3
 Stab: Confused          |       |       |     4 |     4 ||     8
Armor: Robe              |    46 |    42 |   185 |    29 ||   302
Dodge: Dodged            |    50 |    53 |   341 |    90 ||   534
       Rpst.: Scimitar   |       |       |       |    14 ||    14
